 Dungeon Crawl Stone Soup version 0.32-a0-913-g739538afd8 (webtiles) character file.

Game seed: 2441989049750829777

1132 bronco the Cleaver (level 8, -4/67 HPs)
             Began as a Mountain Dwarf Monk on Apr 9, 2024.
             Slain by a gnoll
             ... wielding a +0 halberd
             ... led by a gnoll bouda
              (7 damage)
             ... on level 6 of the Dungeon.
             The game lasted 00:11:41 (5057 turns).

bronco the Cleaver (Mountain Dwarf Monk)            Turns: 5057, Time: 00:11:42

Health: -4/67      AC: 11    Str: 13    XL:     8   Next: 13%
Magic:  17/17      EV:  6    Int: 14    God:
Gold:   258        SH:  5    Dex: 16    Spells: 7/7 levels left

rFire   . . .        v - +2 war axe of a Labyrinth {heavy, Dex+4}
rCold   . . .        d - orb {light}
rNeg    . . .        l - +0 chain mail
rPois   .            w - +2 hat
rElec   .            (no cloak)
rCorr   .            (no gloves)
SInv    .            (no boots)
Will    .....        r - amulet of reflection Stlth
                     z - ring of magical power
HPRegen 0.31/turn    (no ring)
MPRegen 0.15/turn

%: reflection
@: attractive, glowing, invisible (but backlit and visible)
A: runic magic, artefact enchanting
a: no special abilities


You were on level 6 of the Dungeon.
You visited 1 branch of the dungeon, and saw 6 of its levels.
You also visited: Sewer.

You collected 258 gold pieces.

Inventory:

Hand Weapons
 a - a +0 hand axe
 g - a +0 short sword of draining
 h - a +1 whip of electrocution
 k - a +2 scythe of venom
 v - the +2 war axe of a Labyrinth (weapon) {heavy, Dex+4}
   (You found it on level 5 of the Dungeon)

   Dex+4:     It affects your dexterity (+4).
Missiles
 f - 28 poisoned darts
Armour
 b - a +0 robe
 d - an orb of light (worn)
 j - a +0 ring mail
 l - a +0 chain mail (worn)
 m - the +0 robe of Surprise {rElec rC+ Str+3 Int-2}
   (You found it on level 2 of the Dungeon)

   Str+3:     It affects your strength (+3).
   Int-2:     It affects your intelligence (-2).
   rC+:       It protects you from cold.
   rElec:     It insulates you from electricity.
 w - a +2 hat (worn)
Jewellery
 r - an amulet of reflection (around neck)
 z - a ring of magical power (left hand)
Wands
 u - a wand of mindburst (13) (quivered)
 y - a wand of charming (9)
Scrolls
 c - a scroll of poison
 o - a scroll of enchant weapon
Potions
 e - 2 potions of haste
 i - a potion of mutation {unknown}
 n - 2 potions of brilliance {unknown}
 p - a potion of magic {unknown}
 q - 2 potions of attraction
 s - 2 potions of invisibility
 t - 2 potions of heal wounds {unknown}
 x - 3 potions of might


   Skills:
 - Level 4.4 Fighting
 - Level 10.2 Axes
 + Level 4.9 Armour
 - Level 2.1 Dodging


You had 7 spell levels left.
You didn't know any spells.
Your spell library contained the following spells:

 Spells                   Type           Power      Damage    Failure   Level
 Kiss of Death            Conj/Necr      0%         2d5       50%         1
 Confusing Touch          Hex            0%         N/A       86%         3
 Dazzling Flash           Conj/Hex       0%         N/A       86%         3
 Dispel Undead            Necr           0%         3d6       99%         4
 Starburst                Conj/Fire      0%         6d3       100%        6
 Maxwell's Capacitive Co  Air            0%         ∞         100%        8


Dungeon Overview and Level Annotations

Branches:
Dungeon (6/15)              Sewer (visited)
 Temple: D:4-7

Altars:
Okawaru
Wu Jian

Shops:
D:4 ?*   D:5 [

Annotations:
D:3 3 runed translucent doors, JoadsterXIII's ghost, amateur DgSh


Innate Abilities, Weirdness & Mutations

Your spellcasting is much less encumbered by armour.
You can use scrolls of enchantment on lesser artefacts.


Message History

Aiming: Mindburst
Press: ? - help, Q - select action, (/) - cycle Shift-Dir - straight line, f - orc wizard
Aim: an orc wizard, wielding a +0 dagger and wearing a +0 robe (haloed, chance to affect: 64%)
The orc wizard struggles to resist.
The gnoll hits you from afar with a +0 halberd!
The orc barely misses you.
The orc wizard gestures at you while chanting.
You easily resist.
You slice the orc wizard!!
You kill the orc wizard!
You slash the orc!
You kill the orc!
The gnoll closely misses you.
The gnoll hits you from afar with a +0 halberd.
You completely miss the orc. The orc barely misses you.
The gnoll hits you from afar with a +0 halberd.
The orc hits you but does no damage.
You slash the orc!
You kill the orc!
The gnoll hits you from afar with a +0 halberd.
* * * LOW HITPOINT WARNING * * *
The gnoll hits you from afar with a +0 halberd!
* * * LOW HITPOINT WARNING * * *
Okay, then.
It was a potion of attraction.
You feel attractive to monsters. The gnoll closely misses you.
The gnoll is attracted toward you. x2
Something is attracted toward you. x2
It was a potion of invisibility.
You become transparent, but the glow from your halo prevents you from becoming completely invisible.
The gnoll is attracted toward you. The scorpion is attracted toward you.
Something is attracted toward you.
You slice the gnoll!!
You kill the gnoll!
You hit the gnoll.
The gnoll is no longer moving quickly.
The gnoll hits you with a +0 halberd!
* * * LOW HITPOINT WARNING * * *
The scorpion stings you but does no damage.
The gnoll hits you with a +0 halberd!
You die...

############### ###############
############### ***
*********###############**,*
,,,,,,,,,............(..,,,*
*********###############**,* ,,*
#######@g......,*,* ,,*
#######s######.**,* ,,*
#######§######.**,* ,,*
#######g######.##.# ,,*
#.....gs######.##.###### ,,*
#......g######.##.#.....
,,*******#....>..######.##.#.####
,,,,,,,,,#.......######.##.#'####
*,**,,....g#####.# #.##.......


You could see a scorpion and a gnoll.

Vanquished Creatures
  Sigmund (D:3)
  A black bear (D:4)
  2 phantoms (D:4)
  A kobold brigand (D:5)
  2 scorpions (D:5)
  A bombardier beetle (D:4)
  An orc priest (D:4)
  A hound (D:6)
  A gnoll bouda (D:6)
  2 sleepcaps
  2 iguanas
  An orc wizard (D:6)
  Robin (D:4)
  7 adders
  A gnoll (D:6)
  8 river rats (Sewer)
  2 dart slugs (D:2)
  2 ribbon worms
  10 orcs
  10 ball pythons
  9 endoplasms
  13 goblins
  7 hobgoblins
  2 jackals (D:3)
  5 quokkas
  5 bats
  6 frilled lizards
  24 kobolds
  23 rats
151 creatures vanquished.

Notes
Turn   | Place    | Note
-------+----------+-------------------------------------------
     0 | D:1      | bronco the Mountain Dwarf Monk began the quest for the Orb.
     0 | D:1      | Reached XP level 1. HP: 19/19 MP: 1/1
   192 | D:1      | Reached skill level 4 in Axes
   327 | D:1      | Reached XP level 2. HP: 9/26 MP: 2/2
   768 | D:2      | Reached skill level 5 in Axes
   770 | D:2      | Reached XP level 3. HP: 25/31 MP: 3/3
   853 | D:2      | Found a faded altar of an unknown god.
   929 | D:2      | Identified the +0 robe of Surprise {rElec rC+ Str+3 Int-2}
  1488 | D:3      | Noticed Sigmund
  1544 | D:2      | Reached XP level 4. HP: 38/38 MP: 4/4
  1636 | D:3      | Killed Sigmund
  1637 | D:3      | Reached skill level 7 in Axes
  1637 | D:3      | Reached XP level 5. HP: 27/45 MP: 5/5
  1841 | D:3      | Found an ornate altar of the Wu Jian Council.
  2003 | D:3      | Identified the +1 sling of Truncation {freeze, rC+}
  2100 | D:3      | Reached skill level 8 in Axes
  2199 | D:3      | Found a runed translucent gate.
  2199 | D:3      | Found a runed translucent gate.
  2199 | D:3      | Found a runed translucent gate.
  2204 | D:3      | Noticed JoadsterXIII's ghost (amateur DgSh)
  2275 | D:4      | Reached XP level 6. HP: 51/51 MP: 6/6
  2275 | D:4      | Found Veokker's Assorted Antiques.
  2424 | D:4      | Found an iron altar of Okawaru.
  2543 | D:4      | Found a glowing drain.
  2560 | Sewer    | Entered a sewer
  3557 | D:4      | Found Buenua's Magic Scroll Emporium.
  3573 | D:4      | Reached skill level 9 in Axes
  3573 | D:4      | Reached XP level 7. HP: 38/60 MP: 7/7
  3731 | D:4      | Reached skill level 10 in Axes
  3791 | D:4      | Noticed Robin
  3812 | D:4      | Killed Robin
  4148 | D:5      | Entered Level 5 of the Dungeon
  4161 | D:5      | Identified the +2 war axe of a Labyrinth {heavy, Dex+4}
  4237 | D:5      | Reached skill level 1 in Armour
  4465 | D:5      | Found Pugif's Armour Shoppe.
  4671 | D:5      | Reached XP level 8. HP: 58/67 MP: 8/8
  5057 | D:6      | HP: 3/67 [gnoll/+0 halberd[a gnoll bouda] (9)]
  5057 | D:6      | Slain by a gnoll

Illustrated notes

Levels and vault maps discovered:
D:1:      dpeg_arrival_chambers_temple_mockup, layout_loops_ring
D:2:      layout_loops_ring, hellmonk_ecumenical_altar_run_dry
D:3:      layout_loops_ring, mainiacjoe_overflow_catwalk,
          ebering_ghost_rock_garden, uniq_sigmund
D:4:      layout_rooms, mainiacjoe_overflow_paths, cheibrodos_sewer_entry_bend,
          serial_shops, shop, shop, uniq_robin
D:5:      layout_rooms, serial_shops, nicolae_shop_tiny_glass
D:6:      layout_basic

Skill      XL: |  1  2  3  4  5  6  7  8 |
---------------+-------------------------+-----
Axes           | 4 5 7 8 9 10 | 10.2
Fighting       | 4 |  4.4
Armour         | 3 4 |  4.9
Dodging        | |  2.1

Action                     |  1- 3 |  4- 6 |  7- 9 || total
---------------------------+-------+-------+-------++-------
  Melee: Short sword       |    12 |       |       ||    12
         Hand axe          |     7 |       |       ||     7
         Whip              |    73 |   153 |       ||   226
         Halberd           |       |    47 |    70 ||   117
         War axe           |       |       |    38 ||    38
  Throw: Stone             |    11 |    18 |       ||    29
         Dart              |       |    10 |     5 ||    15
  Evoke: Wand              |       |     4 |     2 ||     6
    Use: Scroll            |     1 |     5 |     6 ||    12
         Potion            |       |       |     4 ||     4
 Armour: Robe              |    16 |       |       ||    16
         Ring mail         |    17 |       |       ||    17
         Chain mail        |    34 |   171 |   172 ||   377
  Dodge: Dodged            |    49 |    57 |    48 ||   154
  Block: Other             |       |    12 |    25 ||    37
         Reflection        |       |       |     1 ||     1

Table legend: (Time is in decaauts)
 A = Elapsed time spent in this place.
 B = Non-inter-level travel time spent in this place.
 C = Inter-level travel time spent in this place.
 D = Time resting spent in this place.
 E = Time spent auto-exploring this place.
 F = Levels seen in this place.
 G = Mean time per level.
                   A        B        C        D        E       F      G
               +--------+--------+--------+--------+--------+-----+--------+
         Total |   5101 |   4915 |    186 |    534 |   3340 |   7 |  728.7 |
       Dungeon |   4172 |   3986 |    186 |    288 |   2942 |   6 |  695.3 |
         Sewer |    928 |    928 |      0 |    246 |    398 |   1 |  928.0 |
               +--------+--------+--------+--------+--------+-----+--------+

Top non-repeatable levels by time:
     D:4: 980 daAuts
   Sewer: 928 daAuts
     D:2: 786 daAuts
     D:1: 752 daAuts
     D:3: 725 daAuts
     D:5: 594 daAuts
     D:6: 333 daAuts
